Map: Submarine LE

Players

Philosaur - Winner!

  • Race: Protoss Protoss
  • Spawn Location: 11:00

VOD

Have the link to the VOD?

Description

Time

  • Played on: Sept. 17, 2020, 4:05 p.m.
  • Length: 16:37
Show
View Real Time Build Order
Export as new Build Order

Philosaur Protoss - Winner!

Build Orders:  

Get SALT Encoding   

  1  0:00  Probe (Chrono Boost)  
  12  0:09  Probe (Chrono Boost)  
  14  0:23  Probe (Chrono Boost)  
  15  0:31  Pylon  
  15  0:59  Probe (Chrono Boost)  
  16  1:01  Gateway  
  16  1:16  Probe (Chrono Boost)  
  17  1:20  Pylon  
  17  1:32  Gateway  
  17  1:33  Probe (Chrono Boost)  
  19  1:50  Probe (Chrono Boost)  
  19  1:52  Pylon  
  19  2:07  Probe (Chrono Boost)  
  20  2:13  Cybernetics Core  
  20  2:24  Probe (Chrono Boost), Gateway  
  21  2:37  Zealot  
  24  2:41  Probe (Chrono Boost)  
  24  2:53  Assimilator  
  24  3:23  Nexus  
  24  3:38  Probe (Chrono Boost)  
  25  3:41  Zealot x3  
  31  3:52  Probe (Chrono Boost)  
  32  4:09  Probe  
  33  4:20  Gateway  
  33  4:26  Probe  
  34  4:31  Gateway  
  34  4:39  Warp Gate (Chrono Boost)  
  34  4:45  Twilight Council  
  34  4:53  Probe  
  35  5:10  Probe  
  36  5:21  Gateway  
  36  5:29  Gateway  
  36  5:37  Pylon  
  36  5:40  Pylon  
  36  5:43  Zealot, Pylon  
  36  5:44  Zealot  
  40  6:08  Zealot x3  
  46  6:12  Zealot x2  
  50  6:47  Zealot x3  
  50  6:48  Zealot x2  
  48  7:21  Charge (Chrono Boost)  
  38  7:31  Zealot  
  38  7:33  Nexus  
  38  7:36  Probe  
  38  7:38  Probe  
  42  7:41  Forge  
  42  7:53  Probe  
  42  7:54  Probe  
  44  8:06  Pylon  
  44  8:07  Zealot x2  
  44  8:09  Zealot  
  50  8:10  Probe  
  51  8:24  Zealot x3  
  57  8:42  Protoss Ground Weapons Level 1 (Chrono Boost)  
  57  8:48  Zealot  
  53  8:53  Zealot  
  43  9:02  Probe  
  43  9:05  Probe  
  45  9:19  Probe  
  46  9:22  Probe  
  46  9:23  Zealot  
  46  9:25  Zealot  
  51  9:36  Probe  
  51  9:38  Zealot x2  
  54  9:42  Zealot  
  54  9:46  Zealot  
  54  9:51  Zealot  
  54  9:53  Probe  
  54  9:57  Probe  
  58  10:10  Zealot, Probe  
  58  10:11  Zealot  
  58  10:13  Zealot  
  58  10:14  Probe  
  58  10:17  Zealot  
  68  10:22  Zealot  
  68  10:27  Probe  
  67  10:31  Probe  
  62  10:40  Zealot  
  62  10:41  Zealot  
  62  10:42  Zealot  
  60  10:59  Probe  
  61  11:00  Probe  
  61  11:05  Probe  
  61  11:08  Pylon  
  61  11:09  Pylon  
  59  11:11  Zealot x4  
  59  11:16  Probe  
  59  11:17  Probe  
  61  11:21  Zealot  
  61  11:22  Probe  
  64  11:36  Gateway  
  64  11:39  Gateway  
  60  11:40  Gateway  
  60  11:41  Gateway  
  60  11:47  Pylon x2  
  60  11:56  Zealot x2  
  60  11:57  Zealot  
  60  11:59  Zealot  
  60  12:01  Protoss Ground Armor Level 1 (Chrono Boost)  
  60  12:02  Zealot  
  60  12:06  Zealot  
  64  12:16  Zealot  
  66  12:29  Zealot x4  
  72  12:30  Zealot  
  64  12:40  Gateway  
  64  12:41  Gateway  
  64  12:44  Gateway  
  64  12:50  Zealot  
  64  12:51  Zealot  
  64  12:52  Zealot  
  64  12:55  Zealot  
  64  12:58  Zealot  
  74  13:08  Zealot x3  
  78  13:12  Zealot  
  78  13:15  Zealot  
  72  13:23  Zealot x2  
  72  13:26  Zealot  
  72  13:29  Zealot  
  70  13:32  Zealot  
  70  13:35  Zealot  
  70  13:46  Zealot x3  
  70  13:49  Zealot  
  72  13:53  Zealot  
  72  13:56  Zealot  
  70  14:21  Zealot x3  
  72  14:32  Zealot x3  
  72  14:34  Zealot, Nexus  
  72  14:37  Zealot  
  82  14:40  Zealot  
  82  14:44  Zealot  
  82  14:47  Zealot  
  88  14:51  Zealot  
  90  15:09  Zealot x4  
  98  15:10  Zealot  
  98  15:11  Zealot  
  98  15:17  Probe  
  103  15:23  Probe  
  104  15:32  Probe  
  104  15:34  Probe  
  102  15:40  Probe  
  102  15:41  Pylon  
  102  15:43  Pylon  
  102  15:45  Pylon x2  
  102  15:49  Probe  
  104  15:51  Probe  
  104  15:57  Zealot x4  
  104  15:58  Zealot x2  
  115  16:11  Zealot x3  
  115  16:14  Probe  
  115  16:19  Probe  
  122  16:31  Zealot x2  
  122  16:32  Zealot  
Tags
 
Add a new tag
Caveats
  • Supply blocks, unpowered buildings, or Contaminate may cause inaccurate times.
  • Supply counts are checked every 10 seconds.